 Dungeon Crawl Stone Soup version 0.20-a0-950-g92a50c4 (webtiles) character file.

63 JeffiDaFish the Shield-Bearer (level 4, -3/28 HPs)
             Began as a Gargoyle Fighter on Apr 4, 2017.
             Slain by a goblin (5 damage)
             ... led by Robin
             ... on level 2 of the Dungeon.
             The game lasted 00:02:10 (735 turns).

JeffiDaFish the Shield-Bearer (Gargoyle Fighter)     Turns: 735, Time: 00:02:10

Health: -3/28      AC: 10    Str: 27    XL:     4   Next: 9%
Magic:  4/4        EV:  8    Int:  8    God:
Gold:   24         SH: 10    Dex: 10    Spells: 3/3 levels left

rFire    . . .     SeeInvis .   e - +2 whip (venom)
rCold    . . .     Gourm    .   c - +0 shield
rNeg     + . .     Faith    .   b - +0 scale mail
rPois    ∞         Spirit   .   (no helmet)
rElec    +         Reflect  .   (no cloak)
rCorr    .         Harm     .   (no gloves)
MR       +....                  (no boots)
Stlth    ..........             (no amulet)
Regen    0.1/turn               (no ring)
MPRegen  0.1/turn               (no ring)

@: mighty
A: magic resistance 1, negative energy resistance 1, sense surroundings 1,
electricity resistance, strong 1, unbreathing, petrification resistance, no
potion heal 1, rot immunity, AC +3
a: no special abilities


You were on level 2 of the Dungeon.
You were not hungry.

You visited 1 branch of the dungeon, and saw 2 of its levels.

You collected 24 gold pieces.

Inventory:

Hand Weapons
 e - a +2 whip of venom (weapon)
Armour
 b - a +0 scale mail (worn)
 c - a +0 shield (worn)
Scrolls
 a - a scroll of remove curse
Comestibles
 f - a bread ration
 g - 13 chunks of flesh
 h - a royal jelly


   Skills:
 + Level 3.5 Fighting
 + Level 2.6 Maces & Flails
 + Level 3.5 Armour
 + Level 0.8 Dodging
 + Level 4.1 Shields


You had 3 spell levels left.
You didn't know any spells.

Dungeon Overview and Level Annotations

Branches:
Dungeon (2/15)

Altars:

Annotations:
D:2 Robin


Innate Abilities, Weirdness & Mutations

You are resistant to torment.
Your stone body is resilient. (AC +3)
You are immune to poison.
You resist negative energy. (rN+)
You are resistant to electric shocks. (rElec)
You can survive without breathing.
You are immune to petrification.
You are immune to rotting.
You are resistant to hostile enchantments. (MR+)
You passively map a small area around you.
Your muscles are strong. (Str +2)
Potions are less effective at restoring your health.


Message History

You closely miss the goblin. You block the jackal's attack.
The hobgoblin hits you but does no damage.
The goblin hits you but does no damage. x4
The jackal bites you but does no damage.
Robin says, "My goblins will feast on your bones."
You block the goblin's attack.
The hobgoblin hits you but does no damage.
You barely miss the goblin. The goblin hits you but does no damage.
You block the jackal's attack.
The goblin hits you but does no damage. x2
The goblin barely misses you.
Robin roars a battlecry!
The goblins go into a battle-frenzy!
You block the goblin's attack. The hobgoblin closely misses you.
Unknown command.
You whack the goblin!
You kill the goblin!
The goblin no longer looks unusually strong.
The jackal bites you but does no damage.
You block the goblin's attack. x2; The goblin hits you.
You die...

#≈≈..#.(.#.....# ..#
#≈≈.(#...#.....# ..#
#≈≈..#...#.....# ..#
#≈≈.)##(##.....##'##
#≈≈...#..((.)......#
#≈≈...#............#
#≈≈...##########...#
#≈≈#### ......h#)..#
#≈≈ .....gg@g..# #≈≈
, ......ggg..# ###
*############


You could see Robin, a jackal, a hobgoblin and 4 goblins.

Vanquished Creatures
  Natasha (D:2)
  A leopard gecko (D:2)
  A giant cockroach (D:1)
  11 goblins
  2 hobgoblins
  2 jackals (D:2)
  4 kobolds
  2 ball pythons
  4 bats
  2 frilled lizards (D:1)
  5 rats
35 creatures vanquished.

Notes
Turn   | Place    | Note
-------+----------+-------------------------------------------
     0 | D:1      | JeffiDaFish the Gargoyle Fighter began the quest for the Orb.
     0 | D:1      | Reached XP level 1. HP: 14/14 MP: 1/1
   115 | D:1      | Gained mutation: You are resistant to hostile enchantments. (MR+) [potion of mutation]
   115 | D:1      | Gained mutation: Your muscles are strong. (Str +2) [potion of mutation]
   115 | D:1      | Gained mutation: Potions are less effective at restoring your health. [potion of mutation]
   115 | D:1      | Gained mutation: You passively map a small area around you. [potion of mutation]
   188 | D:1      | Reached XP level 2. HP: 19/19 MP: 2/2
   503 | D:2      | Noticed Natasha
   508 | D:2      | Noticed a crimson imp
   509 | D:2      | Killed Natasha
   509 | D:2      | Reached skill level 4 in Shields
   509 | D:2      | Reached XP level 3. HP: 22/23 MP: 3/3
   715 | D:2      | Noticed Robin
   717 | D:2      | Reached XP level 4. HP: 26/28 MP: 4/4
   735 | D:2      | Slain by a goblin

Vault maps used:
D:1:      dpeg_arrival_line_fractal
D:2:      kennysheep_goblin_castle, nemelex_xobeh_ov_fountains_minmay,
          uniq_natasha, uniq_robin

Skill      XL: |  1  2 |
---------------+-------+-----
Shields        | 4 |  4.1
Fighting       | |  3.5
Maces & Flails | |  2.6
Armour         | |  3.5
Dodging        | |  0.8

Action                   |  1- 3 |  4- 6 || total
-------------------------+-------+-------++-------
Melee: Flail             |    68 |       ||    68
       Whip              |    26 |    17 ||    43
  Use: Scroll            |     4 |       ||     4
       Potion            |     1 |     1 ||     2
Armor: Scale mail        |    60 |    43 ||   103
Dodge: Dodged            |    27 |    19 ||    46
Block: Shield            |    55 |    27 ||    82
